 Dungeon Crawl Stone Soup version 0.31-a0-198-g2ad674f65e (webtiles) character file.

Game seed: 4924528980147378555

98 qw the Shooter (level 4, -5/25 HPs)
             Began as a Deep Elf Hunter on June 25, 2023.
             Slain by a hobgoblin (6 damage)
             ... on level 3 of the Dungeon.
             The game lasted 00:00:37 (1793 turns).

qw the Shooter (Deep Elf Hunter)                    Turns: 1793, Time: 00:00:37

Health: -5/25      AC:  7    Str: 10    XL:     4   Next: 43%
Magic:  6/6        EV:  9    Int: 14    God:
Gold:   134        SH:  0    Dex: 18    Spells: 3/3 levels left

rFire   . . .        Y - +0 shortbow
rCold   . . .        (shield currently unavailable)
rNeg    . . .        i - +0 scale mail
rPois   .            (no helmet)
rElec   .            (no cloak)
rCorr   .            k - +0 pair of gloves
SInv    .            (no boots)
Will    .....        (no amulet)
Stlth   +            (no ring)
HPRegen 0.24/turn    (no ring)
MPRegen 0.10/turn

%: no passive effects
@: no status effects
A: no striking features
a: no special abilities


You were on level 3 of the Dungeon.
You visited 1 branch of the dungeon, and saw 3 of its levels.

You collected 134 gold pieces.


   Skills:
 - Level 1.5 Fighting
 + Level 7.9 Ranged Weapons
 - Level 2.4 Dodging
 - Level 1.2 Stealth


You had 3 spell levels left.
You didn't know any spells.
Your spell library was empty.

Inventory:

Hand Weapons
 Y - a +0 shortbow (weapon)
Armour
 i - a +0 scale mail (worn)
 k - a +0 pair of gloves (worn)
Scrolls
 a - a scroll of identify
Potions
 b - a potion of curing {unknown}
 c - a potion of brilliance {unknown}
 d - a potion of lignification {unknown}
 f - a potion of might {unknown}
 h - a potion of haste {unknown}
 j - a potion of invisibility {unknown}

Dungeon Overview and Level Annotations

Branches:
Dungeon (3/15)

Altars:

Annotations:
D:3 Ijyb, Robin


Message History

Found 3 stones.
You shoot an arrow. The arrow hits the goblin!
You kill the goblin!
The goblin hits you with a +0 dagger. The goblin closely misses you.
You shoot an arrow.
The arrow hits the hobgoblin but does no damage.
The hobgoblin hits you. The goblin hits you but does no damage.
You shoot an arrow. The arrow barely misses the hobgoblin.
The arrow hits Ijyb.
Ijyb is lightly wounded.
The goblin hits you with a +0 dagger.
Robin hits you from afar with a +0 spear.
You shoot an arrow. The arrow hits Ijyb.
Ijyb is moderately wounded.
The goblin hits you but does no damage. Ijyb hits you with a +0 club.
The hobgoblin barely misses you.
Robin hits you from afar with a +0 spear.
The goblin closely misses you.
You shoot an arrow. The arrow hits Ijyb but does no damage.
Ijyb is moderately wounded.
Ijyb hits you with a +0 club.
The hobgoblin hits you but does no damage.
Robin hits you but does no damage. The goblin barely misses you.
You shoot an arrow. The arrow hits Ijyb but does no damage.
Ijyb is moderately wounded.
Ijyb hits you with a +0 club. The hobgoblin completely misses you.
Robin throws Ijyb at you! The goblin closely misses you.
A dart slug comes into view.
A worm comes into view.
The hobgoblin closely misses you. Ijyb barely misses you.
Robin barely misses you.
You shoot an arrow. The arrow barely misses Ijyb.
The hobgoblin no longer looks unusually strong.
Ijyb no longer looks unusually strong.
The goblin closely misses you. Ijyb screams, "I cut your head off!"
Ijyb hits you with a +0 club. Robin hits you but does no damage.
You shoot an arrow. The arrow hits Ijyb.
Ijyb is heavily wounded.
The hobgoblin no longer looks unusually strong.
The goblin hits you with a +0 dagger. Ijyb hits you but does no damage.
The hobgoblin hits you but does no damage.
The hobgoblin hits you.
You die...

###
##.#############.#
.#...#...........#
.#.#.#.#########.#
.#.#.#.# #.#
.#.#.#.#
####g####.(.
.#.#.#.#
#..g@g......
.#.#.#.#
###gggg.....
.#.#.#.#
#....#....
.......# #....#
.w. ########
#....# . ....
#....# #### ...###
...'


You could see Ijyb, Robin, a dart slug, 4 hobgoblins and a goblin (strong).

Vanquished Creatures
  Jessica (D:2)
  3 adders (D:2)
  A worm (D:2)
  A dart slug (D:3)
  4 bats
  3 endoplasms
  A giant cockroach (D:2)
  6 goblins
  8 hobgoblins
  A quokka (D:1)
  2 ball pythons (D:1)
  4 frilled lizards
  2 kobolds
  2 rats (D:2)
39 creatures vanquished.

Notes
Turn   | Place    | Note
-------+----------+-------------------------------------------
     0 | D:1      | qw the Deep Elf Hunter began the quest for the Orb.
     0 | D:1      | Reached XP level 1. HP: 12/12 MP: 3/3
     0 | D:1      | 0 ||| qw: Version: 0.3-a-22-g0ed2b0b
     0 | D:1      | 0 ||| qw: Game counter: 4902
     0 | D:1      | 0 ||| qw: Melee chars always use a shield: true
     0 | D:1      | 0 ||| qw: God list: Okawaru
     0 | D:1      | 0 ||| qw: Allow faded altars: false
     0 | D:1      | 0 ||| qw: Do Orc after clearing Dungeon:15 true
     0 | D:1      | 0 ||| qw: Do second Lair branch before Depths: true
     0 | D:1      | 0 ||| qw: Lair rune preference: random
     0 | D:1      | 0 ||| qw: Goals: Normal
     0 | D:1      | 0 ||| PLANNING D:1-11
   149 | D:1      | 149 ||| FLEEEEING.
   150 | D:1      | 150 ||| FLEEEEING.
   151 | D:1      | 151 ||| FLEEEEING.
   152 | D:1      | 152 ||| FLEEEEING.
   153 | D:1      | 153 ||| FLEEEEING.
   154 | D:1      | 154 ||| FLEEEEING.
   155 | D:1      | 155 ||| FLEEEEING.
   216 | D:1      | Reached XP level 2. HP: 10/16 MP: 4/4
   218 | D:1      | Reached skill level 6 in Ranged Weapons
   764 | D:1      | 764 ||| UPGRADING to +0 scale mail.
   774 | D:1      | 774 ||| DROPPING +0 leather armour.
   775 | D:1      | 775 ||| UPGRADING to +0 pair of gloves.
   780 | D:1      | 780 ||| READING 3 scrolls labelled DEOMISCH BERIEV.
   781 | D:1      | 781 ||| READING 2 scrolls labelled HEOQUO MAUR.
   782 | D:1      | 782 ||| READING scroll labelled ZAACACHOURCH.
   783 | D:1      | 783 ||| READING scroll labelled CANUINGUCYS.
   784 | D:1      | 784 ||| READING 2 scrolls of identify.
   784 | D:1      | 784 ||| IDENTIFYING smoky white potion
   785 | D:1      | 785 ||| DROPPING scroll of butterflies.
   786 | D:1      | 786 ||| DROPPING scroll of blinking.
   787 | D:1      | 787 ||| DROPPING potion of attraction.
   867 | D:2      | Reached XP level 3. HP: 20/20 MP: 5/5
   907 | D:2      | Noticed Jessica
   911 | D:2      | Killed Jessica
   912 | D:2      | Reached skill level 7 in Ranged Weapons
  1241 | D:2      | Reached XP level 4. HP: 25/25 MP: 6/6
  1735 | D:2      | 1735 ||| READING scroll labelled YTARHO AMIJ.
  1781 | D:3      | Noticed Robin
  1781 | D:3      | Noticed Ijyb
  1783 | D:3      | 1783 ||| Stepping ~*~*~tactically~*~*~ (outnumbered).
  1791 | D:3      | HP: 6/25 [Robin/Ijyb (1)]
  1792 | D:3      | HP: 2/25 [Ijyb/+0 club (4)]
  1793 | D:3      | Slain by a hobgoblin

Levels and vault maps discovered:
D:1:      sevenhm_arrival_forest_fort_large_4, layout_basic
D:2:      layout_basic, uniq_jessica
D:3:      layout_basic, mainiacjoe_overflow_alcove_1,
          mainiacjoe_overflow_concentric_impassable, zin_treasury,
          dreamdust_wishing_well, kennysheep_small_spiral, nicolae_goblin_pals,
          uniq_terence

Skill      XL: |  1  2  3 |
---------------+----------+-----
Ranged Weapons | 6 7 |  7.9
Fighting       | |  1.5
Dodging        | |  2.4
Stealth        | |  1.2

Action                     |  1- 3 |  4- 6 || total
---------------------------+-------+-------++-------
   Fire: Shortbow          |    93 |    40 ||   133
    Use: Scroll            |     5 |     1 ||     6
 Armour: Leather armour    |     5 |       ||     5
         Scale mail        |     3 |    17 ||    20
  Dodge: Dodged            |    11 |    18 ||    29

Table legend:
 A = Non-vault XP
 B = Vault XP
 C = Vault XP percentage of total XP
 D = Non-vault monster count
 E = Vault monster count
 F = Vault count percentage of total count
                 A         B        C        D         E       F
            +---------+---------+-------+---------+---------+-------
      Total |     100 |      40 |  28.6 |      36 |       3 |   7.7
            +---------+---------+-------+---------+---------+-------
        D:1 |      36 |       0 |   0.0 |      21 |       0 |   0.0
        D:2 |      58 |      37 |  38.9 |      13 |       1 |   7.1
        D:3 |       6 |       3 |  33.3 |       2 |       2 |  50.0
            +---------+---------+-------+---------+---------+-------
